 Dungeon Crawl Stone Soup version 0.17.2 (webtiles) character file.

163 Charly the Insei (level 5, 0/25 HPs)
             Began as a Vine Stalker Transmuter on May 6, 2016.
             Was an Initiate of Cheibriados.
             Slain by an orc
             ... wielding a +1 war axe of venom
              (3 damage)
             ... on level 5 of the Dungeon.
             The game lasted 00:10:44 (710 turns).

Charly the Insei (Vine Stalker Transmuter)           Turns: 710, Time: 00:10:44

Health: 0/25       AC:  3    Str: 14    XL:     5   Next: 44%
Magic:  0/9        EV: 12    Int: 15    God:    Cheibriados [......]
Gold:   68         SH:  0    Dex: 15    Spells: 3 memorised, 2 levels left

rFire  . . .     SeeInvis .       - Unarmed
rCold  . . .     Clarity  .     b - +0 robe
rNeg   . . .     SustAt   .     (no shield)
rPois  .         Gourm    .     (no helmet)
rElec  .         Spirit   +     (no cloak)
rCorr  .         Warding  .     (no gloves)
rMut   .         Stasis   .     k - +0 pair of boots
MR     .....                    (no amulet)
Stlth  +.........               (no ring)
                                (no ring)

@: lethally poisoned (0 -> -25), very slightly contaminated, very slow, not
resistant to hostile enchantments, very unstealthy
A: fangs 2, regeneration 1, magic shield, antimagic bite, no device heal 3, rot
immunity
a: Bend Time, Renounce Religion


You were on level 5 of the Dungeon.
You worshipped Cheibriados.
Cheibriados was noncommittal.
You were not hungry.

You visited 2 branches of the dungeon, and saw 6 of its levels.

You collected 68 gold pieces.

Inventory:

Missiles
 a - 29 arrows
 q - 20 poisoned needles
Armour
 b - a +0 robe (worn)
 k - a +0 pair of boots (worn)
 o - a cursed +0 shield
Jewellery
 t - a +4 ring of strength {unknown}
Wands
 l - a wand of paralysis (4)
Scrolls
 e - a scroll of noise {unknown}
 h - a scroll of remove curse {unknown}
 i - a scroll of recharging {unknown}
 n - a scroll of enchant armour {unknown}
 r - a scroll of enchant weapon {unknown}
 s - a scroll of blinking {unknown}
Potions
 f - a potion of cancellation {unknown}
 g - 2 potions of curing {unknown}
 j - a potion of agility {unknown}
 p - a potion of invisibility {unknown}
Books
 c - a book of Changes

   Spells                             Type                      Level
   a - Beastly Appendage              Transmutation                1
   b - Sticks to Snakes               Transmutation                2
   c - Spider Form                    Transmutation/Poison         3
   d - Ice Form                       Ice/Transmutation            4
   e - Blade Hands                    Transmutation                5
Comestibles
 d - 2 bread rations
 m - a meat ration


   Skills:
 - Level 0.8 Fighting
 - Level 1.7 Dodging
 + Level 5.1 Unarmed Combat
 - Level 2.3 Spellcasting
 - Level 3.3 Transmutations


You had 2 spell levels left.
You knew the following spells:

 Your Spells              Type           Power        Failure   Level  Hunger
a - Beastly Appendage     Trmt           ##....       8%          1    #......
s - Sticks to Snakes      Trmt           ##........   12%         2    ###....
S - Spider Form           Trmt/Pois      #.........   34%         3    ###....


Dungeon Overview and Level Annotations

Branches:
Dungeon (5/15)             Temple (1/1) D:5

Altars:
Ashenzari
Cheibriados
Fedhas
Kikubaaqudgha
Nemelex Xobeh
Okawaru
Ru
Xom
Yredelemnul
Zin

Annotations:
D:3 pedritolo's ghost, amateur VSWr


Innate Abilities, Weirdness & Mutations

You have extremely sharp teeth.
Your natural rate of healing is unusually fast.
When hurt, damage is shared between your health and your magic reserves.
Your bite disrupts and absorbs the magic of your enemies.
Potions and wands cannot restore your health.
You are immune to rotting.


Message History

The orc hits you with a war axe of venom!
You are lethally poisoned!
You closely miss the orc.
The orc is severely wounded.
You feel sick.
The orc hits you with a war axe of venom.
* * * LOW HITPOINT WARNING * * *
You are more poisoned.
You closely miss the orc.
The orc is severely wounded.
* * * LOW HITPOINT WARNING * * *
You feel very sick.
Unknown command.
Unknown command.
You closely miss the orc. You bite the orc, but do no damage.
The orc is severely wounded.
* * * LOW HITPOINT WARNING * * *
You feel sick.
The orc hits you with a war axe of venom.
You die...

...... ..........#
........$
..........#### ....
. #.........#
......#.#.........#
......#.#......o..#
............(...@.#
#..###............#
# ...#............#
###..#.[.....######
....†........#
.............#
.............#
.............#
.............#


You could see an orc.

Vanquished Creatures
  A scorpion (D:4)
  A jelly (D:5)
  A giant frog zombie (D:5)
  3 adders
  2 worms
  2 orcs (D:5)
  3 hobgoblins
  3 jackals (D:5)
  3 bats
  A giant cockroach (D:3)
  3 giant newts
  4 goblins
  3 kobolds
  8 rats
38 creatures vanquished.

Notes
Turn   | Place    | Note
--------------------------------------------------------------
     0 | D:1      | Charly the Vine Stalker Transmuter began the quest for the Orb.
     0 | D:1      | Reached XP level 1. HP: 9/9 MP: 4/4
     2 | D:1      | Noticed a ghoul
     2 | D:1      | Noticed an elf
     4 | D:1      | Noticed a gargoyle
     6 | D:1      | Noticed a vampire
     6 | D:1      | Noticed a draconian
     8 | D:1      | Noticed an ogre
     8 | D:1      | Noticed a demonspawn
    10 | D:1      | Noticed a minotaur
    10 | D:1      | Noticed an octopode
    12 | D:1      | Noticed a human
    12 | D:1      | Noticed a merfolk
    14 | D:1      | Noticed a naga
    16 | D:1      | Noticed a tengu
    18 | D:1      | Noticed a troll
    18 | D:1      | Noticed a formicid
    20 | D:1      | Noticed a felid
    22 | D:1      | Noticed a dwarf
    22 | D:1      | Noticed a vine stalker
    24 | D:1      | Noticed a spriggan
    26 | D:1      | Noticed a centaur
    26 | D:1      | Noticed a demigod
   107 | D:2      | Reached XP level 2. HP: 14/14 MP: 6/6
   111 | D:2      | Learned a level 2 spell: Sticks to Snakes
   234 | D:2      | Reached XP level 3. HP: 10/17 MP: 3/7
   239 | D:2      | Learned a level 3 spell: Spider Form
   294 | D:3      | Noticed pedritolo's ghost (amateur VSWr)
   407 | D:4      | Noticed a scorpion
   419 | D:4      | Killed a scorpion
   419 | D:4      | Reached skill level 4 in Unarmed Combat
   419 | D:4      | Reached XP level 4. HP: 21/21 MP: 8/8
   426 | D:5      | Entered Level 5 of the Dungeon
   443 | D:5      | BLOAX: don't forget to check upstairs
   456 | D:5      | Reached XP level 5. HP: 10/25 MP: 3/9
   470 | D:5      | Charly: ?
   470 | D:5      | Charly: where?
   474 | D:5      | BLOAX: for the ever so elusive 1-tile-corridor temple
   474 | D:5      | BLOAX: well the ones you stumble upon
   474 | D:5      | BLOAX: like these
   474 | D:5      | Charly: aye
   474 | D:5      | Charly: I do that
   485 | D:5      | Found a staircase to the Ecumenical Temple.
   488 | D:5      | BLOAX: !!
   495 | Temple   | Entered the Ecumenical Temple
   517 | Temple   | BLOAX: oh good another really long temple vault
   594 | Temple   | Became a worshipper of Cheibriados the Contemplative
   676 | D:5      | Reached skill level 5 in Unarmed Combat
   708 | D:5      | Charly: amazing
   710 | D:5      | BLOAX: venom :))
   710 | D:5      | Charly: doesnt matter
   710 | D:5      | Charly: that was like 15 hits
   710 | D:5      | Charly: missed all
   710 | D:5      | Charly: glowing lether
   710 | D:5      | Charly: thats max +3
   710 | D:5      | BLOAX: glowing +3 leather!
   710 | D:5      | Charly: still
   710 | D:5      | BLOAX: and a venom war axe
   710 | D:5      | BLOAX: to finish you off for good!!
   710 | D:5      | Charly: thats fucking unaccpetable
   710 | D:5      | Slain by an orc

Action                   |  1- 3 |  4- 6 || total
-------------------------+-------+-------++-------
Melee: Unarmed           |    84 |    33 ||   117
 Cast: Sticks to Snakes  |     5 |       ||     5
       Spider Form       |     2 |     4 ||     6
Evoke: Wand              |     4 |       ||     4
 Stab: Paralysed         |     8 |       ||     8
  Eat: Beef jerky        |     1 |       ||     1
